 Dungeon Crawl Stone Soup version 0.20-a0-700-gbd4582c (webtiles) character file.

837 pkoi the Cleaver (level 7, -9/57 HPs)
             Began as a Minotaur Fighter on Feb 21, 2017.
             Mangled by a two-headed ogre
             ... wielding a +0 giant club
              (19 damage)
             ... on level 8 of the Dungeon.
             The game lasted 00:03:45 (2220 turns).

pkoi the Cleaver (Minotaur Fighter)                 Turns: 2220, Time: 00:03:45

Health: -9/57      AC: 10    Str: 22    XL:     7   Next: 66%
Magic:  6/6        EV:  5    Int:  5    God:
Gold:   99         SH:  9    Dex: 10    Spells: 6/6 levels left

rFire    . . .     SeeInvis .   a - +0 war axe
rCold    . . .     Gourm    .   k - +0 chain mail
rNeg     . . .     Faith    .   c - +0 shield
rPois    .         Spirit   .   (helmet restricted)
rElec    .         Reflect  .   (no cloak)
rCorr    .         Harm     .   e - +0 pair of gloves
MR       .....                  (no boots)
Stlth    ..........             (no amulet)
Regen    0.2/turn               (no ring)
MPRegen  0.1/turn               (no ring)

@: no status effects
A: retaliatory headbutt, horns 2
a: no special abilities


You were on level 8 of the Dungeon.
You were not hungry.

You visited 1 branch of the dungeon, and saw 5 of its levels.

You collected 99 gold pieces.

Inventory:

Hand Weapons
 a - a +0 war axe (weapon)
Armour
 c - a +0 shield (worn)
 e - a +0 pair of gloves (worn)
 k - a +0 chain mail (worn)
Scrolls
 b - 3 scrolls of amnesia {unknown}
 g - a scroll of enchant weapon {unknown}
 h - 2 scrolls of remove curse
 m - 2 scrolls of identify
Books
 o - a book of Cantrips

   Spells                             Type                      Level
   a - Confusing Touch                Hexes                        1
   b - Animate Skeleton               Necromancy                   1
   c - Summon Small Mammal            Summoning                    1
   d - Apportation                    Translocation                1
Comestibles
 f - 2 bread rations
 j - 2 fruits


   Skills:
 - Level 3.6 Fighting
 + Level 10.5 Axes
 - Level 3.6 Armour
 - Level 3.6 Shields


You had 6 spell levels left.
You didn't know any spells.

Dungeon Overview and Level Annotations

Branches:
Dungeon (6/15)
 Temple: D:4-7

Altars:


Innate Abilities, Weirdness & Mutations

You reflexively headbutt those who attack you in melee.
You have a pair of horns on your head.


Message History

An orc comes into view. It is wielding a flail.
The orc shouts!
You hit the two-headed ogre.
The two-headed ogre is moderately wounded.
You hit the two-headed ogre but do no damage.
The two-headed ogre is moderately wounded.
You block the two-headed ogre's attack.
The two-headed ogre hits you with a giant club!!
* * * LOW HITPOINT WARNING * * *
You slash the two-headed ogre!
The two-headed ogre is heavily wounded.
You block the two-headed ogre's attack.
The two-headed ogre hits you with a giant club.
* * * LOW HITPOINT WARNING * * *
You slash the two-headed ogre!
The two-headed ogre is severely wounded.
You slash the orc!
You kill the orc!
The two-headed ogre hits you with a giant club!!
You die...

#....$..........
#..........o...h
#....).....#....
#..............
#.........o#
#.o...o.#
##)####......
####)# #...#
#..@.# #.. #.#
#..O.# .. .
#....#.#
#......#
#...#### #...#
#..)# #####


You could see a two-headed ogre and an orc.

Vanquished Creatures
  A hippogriff (D:8)
  An orc warrior (D:8)
  An ice beast (D:8)
  A black bear (D:8)
  2 bullfrogs (D:8)
  A howler monkey (D:8)
  A centaur zombie (D:8)
  3 hounds
  A jelly (D:8)
  2 adders (D:2)
  2 worms (D:2)
  A leopard gecko (D:2)
  6 orcs (D:8)
  5 giant cockroaches
  4 goblins
  7 hobgoblins
  5 jackals
  4 kobolds
  A quokka (D:2)
  9 bats
  4 frilled lizards
  9 rats
71 creatures vanquished.

Notes
Turn   | Place    | Note
-------+----------+-------------------------------------------
     0 | D:1      | pkoi the Minotaur Fighter began the quest for the Orb.
     0 | D:1      | Reached XP level 1. HP: 19/19 MP: 0/0
    56 | D:1      | Reached skill level 3 in Axes
   303 | D:1      | Reached XP level 2. HP: 26/26 MP: 1/1
   775 | D:1      | Reached skill level 4 in Axes
   977 | D:2      | Reached XP level 3. HP: 31/31 MP: 2/2
  1248 | D:2      | Reached skill level 5 in Axes
  1557 | D:2      | Reached XP level 4. HP: 27/39 MP: 3/3
  1909 | D:3      | You fall through a shaft for 3 floors!
  1940 | D:6      | You fall through a shaft for 2 floors!
  1958 | D:8      | Noticed a bullfrog
  1966 | D:8      | Killed a bullfrog
  1966 | D:8      | Reached skill level 6 in Axes
  1966 | D:8      | Reached XP level 5. HP: 34/45 MP: 4/4
  1968 | D:8      | Noticed a black bear
  1971 | D:8      | Reached skill level 7 in Axes
  1980 | D:8      | Killed a black bear
  1980 | D:8      | Reached skill level 8 in Axes
  1980 | D:8      | Reached XP level 6. HP: 10/51 MP: 5/5
  2002 | D:8      | Noticed a hippogriff
  2005 | D:8      | Killed a hippogriff
  2005 | D:8      | Reached skill level 9 in Axes
  2005 | D:8      | Reached XP level 7. HP: 45/57 MP: 6/6
  2034 | D:8      | Reached skill level 10 in Axes
  2214 | D:8      | Noticed a two-headed ogre
  2220 | D:8      | Mangled by a two-headed ogre

Vault maps used:
D:1:      minmay_arrival_jagged, serial_forest, infiniplex_forest_straight_2,
          infiniplex_forest_lined_corner, infiniplex_forest_clump_tiny,
          infiniplex_forest_clump_diagonal, infiniplex_forest_clump_small,
          infiniplex_forest_fountain, infiniplex_forest_zigzag_1,
          infiniplex_forest_clump_diagonal
D:2:      kennysheep_big_flooded_room
D:6:      temple_doors_e

Skill      XL: |  1  2  3  4  5  6  7 |
---------------+----------------------+-----
Axes           | 3 4 5 6 8 9 10 | 10.5
Fighting       | |  3.6
Armour         | |  3.6
Shields        | |  3.6

Action                   |  1- 3 |  4- 6 |  7- 9 || total
-------------------------+-------+-------+-------++-------
Melee: War axe           |   105 |    48 |    31 ||   184
       Headbutt          |    12 |    10 |     5 ||    27
  Use: Scroll            |     6 |       |       ||     6
       Potion            |     4 |     3 |       ||     7
  Eat: Chunk             |     2 |     2 |       ||     4
Armor: Scale mail        |    46 |       |       ||    46
       Chain mail        |    19 |    31 |     7 ||    57
Dodge: Dodged            |    29 |    12 |     2 ||    43
Block: Shield            |    46 |    31 |    13 ||    90
